Map: Tours du crépuscule

Players

NesSRisSoO - Winner!

  • Race: Zerg Zerg

Helder

  • Race: Protoss Protoss
  • League: Platinum

VOD

Have the link to the VOD?

Description

Time

  • Played on: March 5, 2016, 11:33 a.m.
  • Length: 11:18
Show
View Real Time Build Order
Export as new Build Order

NesSRisSoO Zerg - Winner!

Build Orders: Hatch First 

Get SALT Encoding   

  12  0:01  Drone  
  13  0:07  Drone  
  14  0:17  Overlord  
  14  0:35  Drone x3  
  17  0:54  Drone  
  17  0:55  Hatchery  
  17  0:58  Drone  
  18  1:08  Extractor  
  17  1:13  Spawning Pool  
  17  1:16  Drone  
  17  1:20  Drone  
  18  1:29  Drone  
  19  1:39  Drone  
  20  1:50  Overlord  
  20  1:59  Queen  
  22  2:07  Queen  
  22  2:08  Zergling x4  
  25  2:15  Drone  
  26  2:29  Hatchery  
  25  2:35  Overlord  
  25  2:43  Queen  
  27  2:52  Drone x3  
  27  2:53  Drone  
  27  2:56  Drone  
  32  3:03  Extractor, Drone  
  32  3:04  Drone  
  33  3:08  Drone  
  34  3:15  Zergling x4  
  34  3:17  Zergling x2  
  37  3:26  Drone x2  
  39  3:32  Lair  
  39  3:36  Spore Crawler  
  39  3:40  Spore Crawler  
  37  3:44  Spore Crawler  
  36  3:52  Drone x3  
  36  3:54  Drone  
  40  4:07  Overlord x2  
  40  4:21  Spore Crawler  
  39  4:24  Spore Crawler  
  39  4:26  Spore Crawler  
  39  4:30  Drone x3  
  40  4:31  Drone x3  
  40  4:33  Drone  
  40  4:35  Drone  
  45  4:43  Overseer  
  45  4:48  Drone  
  45  4:49  Drone x3  
  45  4:51  Extractor  
  48  4:53  Extractor  
  48  4:57  Queen  
  49  5:04  Overlord  
  49  5:36  Queen  
  49  5:41  Hydralisk Den  
  49  5:49  Drone x2  
  50  5:50  Overlord x2  
  50  6:00  Overlord x2  
  50  6:01  Drone x11  
  50  6:02  Drone x4  
  65  6:06  Spore Crawler  
  64  6:11  Drone  
  64  6:12  Drone x2  
  64  6:13  Drone  
  68  6:21  Nydus Network  
  67  6:27  Overseer  
  67  6:38  Metabolic Boost, Extractor  
  67  6:39  Extractor  
  65  6:42  Hydralisk x5  
  65  6:44  Hydralisk  
  77  6:50  Queen  
  79  6:56  Queen  
  79  6:57  Queen  
  79  7:00  Overlord  
  83  7:10  Nydus Canal  
  83  7:36  Zergling x2  
  83  7:37  Zergling x42  
  100  7:59  Zergling x2  
  89  8:22  Hydralisk x8  
  104  8:38  Hydralisk  
  104  8:39  Hydralisk  
  103  8:44  Spore Crawler x2  
  103  8:45  Spore Crawler  
  103  8:46  Spore Crawler x2  
  103  8:47  Spore Crawler  
  103  8:48  Spore Crawler  
  96  8:53  Hydralisk x4  
  96  8:55  Overlord x3  
  104  8:56  Overlord x4  
  104  9:06  Drone  
  103  9:45  Nydus Canal  
  103  9:52  Hydralisk  
  103  9:53  Hydralisk x18  
  141  10:11  Nydus Canal  
  141  10:34  Hydralisk x5  
  141  10:35  Hydralisk x5  
Show
View Real Time Build Order
Export as new Build Order

Helder Protoss 

Build Orders: Oracle Opening 

Get SALT Encoding   

  12  0:09  Probe (Chrono Boost)  
  13  0:20  Probe (Chrono Boost)  
  14  0:26  Pylon  
  14  0:31  Probe (Chrono Boost)  
  15  0:38  Assimilator  
  15  0:44  Probe (Chrono Boost)  
  16  0:54  Forge  
  16  0:55  Probe (Chrono Boost)  
  17  1:05  Probe (Chrono Boost)  
  17  1:10  Gateway  
  18  1:16  Probe (Chrono Boost)  
  18  1:18  Gateway  
  19  1:21  Pylon  
  19  1:26  Probe (Chrono Boost)  
  19  1:31  Assimilator  
  20  1:38  Photon Cannon  
  20  1:43  Probe (Chrono Boost)  
  22  1:54  Probe (Chrono Boost)  
  22  2:05  Probe (Chrono Boost)  
  22  2:08  Cybernetics Core  
  23  2:10  Pylon  
  23  2:34  Nexus  
  23  2:45  Stargate  
  23  2:53  Protoss Air Weapons Level 1 (Chrono Boost)  
  23  2:54  Photon Cannon  
  23  3:03  Probe (Chrono Boost)  
  24  3:14  Probe (Chrono Boost)  
  24  3:17  Stargate  
  25  3:25  Pylon  
  25  3:31  Probe (Chrono Boost)  
  26  3:35  Oracle  
  29  3:46  Probe (Chrono Boost)  
  29  3:47  Probe (Chrono Boost)  
  31  3:59  Probe (Chrono Boost)  
  31  4:01  Oracle  
  35  4:07  Probe (Chrono Boost)  
  35  4:08  Assimilator  
  36  4:13  Assimilator  
  36  4:22  Oracle (Chrono Boost)  
  36  4:29  Probe x2 (Chrono Boost)  
  41  4:40  Probe (Chrono Boost)  
  41  4:41  Probe (Chrono Boost)  
  41  4:43  Oracle (Chrono Boost)  
  46  4:51  Probe  
  47  4:55  Twilight Council  
  47  5:19  Void Ray (Chrono Boost)  
  47  5:21  Void Ray (Chrono Boost)  
  55  5:22  Probe x2  
  57  5:34  Probe x2  
  53  5:57  Probe x2, Void Ray (Chrono Boost)  
  51  5:58  Void Ray (Chrono Boost)  
  57  6:09  Probe  
  58  6:16  Robotics Facility  
  58  6:21  Probe x2  
  58  6:23  Pylon  
  58  6:24  Pylon  
  60  6:26  Pylon  
  60  6:33  Probe  
  60  6:34  Probe  
  62  6:42  Void Ray (Chrono Boost)  
  62  6:43  Void Ray (Chrono Boost)  
  70  7:19  Void Ray (Chrono Boost)  
  70  7:20  Probe x2, Void Ray (Chrono Boost)  
  80  7:23  Warp Prism  
  61  8:23  Void Ray (Chrono Boost)  
  66  8:28  Void Ray (Chrono Boost)  
  61  9:00  Void Ray (Chrono Boost)  
  69  9:11  Void Ray (Chrono Boost)  
  69  9:41  Nexus  
Tags
 
Add a new tag
Caveats
  • Supply blocks, unpowered buildings, or Contaminate may cause inaccurate times.
  • Supply counts are checked every 10 seconds.